 Dungeon Crawl Stone Soup version 0.31-a0-875-g02e7d12df6 (webtiles) character file.

Game seed: 2382904116949794942

353 Gergoth the Digger (level 6, -2/36 HPs)
             Began as a Gargoyle Earth Elementalist on Oct 12, 2023.
             Slain by a gnoll
             ... wielding a +2 flail of protection
              (7 damage)
             ... on level 3 of the Dungeon.
             The game lasted 00:07:42 (3092 turns).

Gergoth the Digger (Gargoyle Earth Elementalist)    Turns: 3092, Time: 00:07:43

Health: -2/36      AC: 14    Str: 12    XL:     6   Next: 62%
Magic:  0/10       EV: 10    Int: 17    God:
Gold:   300        SH:  3    Dex: 10    Spells: 5/11 levels left

rFire   + . .        e - +0 mace
rCold   . . .        n - +0 buckler
rNeg    + . .        j - +2 ring mail {rPois}
rPois   ∞            (no helmet)
rElec   +            (no cloak)
rCorr   .            (no gloves)
SInv    .            i - +1 pair of boots
Will    .....        (no amulet)
Stlth   +            k - ring of protection from fire
HPRegen 0.26/turn    (no ring)
MPRegen 0.12/turn

%: no passive effects
@: no status effects
A: sickness immunity, AC +4, negative energy resistance 1, electricity
resistance, torment resistance 1, petrification resistance
a: no special abilities


You were on level 3 of the Dungeon.
You visited 1 branch of the dungeon, and saw 4 of its levels.

You collected 300 gold pieces.

Inventory:

Hand Weapons
 e - a +0 mace (weapon)
Armour
 g - a +0 robe
 i - a +1 pair of boots (worn)
 j - a +2 ring mail of poison resistance (worn)
 n - a +0 buckler (worn)
 p - a +0 robe
Jewellery
 k - a ring of protection from fire (left hand)
Scrolls
 a - 4 scrolls of identify {unknown}
 c - 2 scrolls of teleportation {unknown}
 f - 2 scrolls of poison {unknown}
 h - a scroll of silence {unknown}
 m - a scroll of blinking {unknown}
 r - a scroll of amnesia {unknown}
Potions
 b - a potion of magic
 d - a potion of mutation {unknown}
 l - 2 potions of heal wounds {unknown}
 o - a potion of curing {unknown}
 q - a potion of haste {unknown}
 s - a potion of resistance {unknown}


   Skills:
 + Level 2.9 Fighting
 + Level 2.8 Armour
 + Level 2.8 Dodging
 - Level 2.1 Stealth
 + Level 3.2 Spellcasting
 - Level 0.7 Transmutations
 + Level 5.0 Earth Magic


You had 5 spell levels left.
You knew the following spells:

 Your Spells              Type           Power      Damage    Failure   Level
a - Sandblast             Erth           40%        2d10      7%          1
b - Passwall              Tmut/Erth      10%        N/A       26%         2
c - Stone Arrow           Conj/Erth      22%        3d8       50%         3

Your spell library contained the following spells:

 Spells                   Type           Power      Damage    Failure   Level
 Freeze                   Ice            8%         1d3       50%         1
 Ignite Poison            Fire/Tmut/Pois 3%         N/A       83%         3
 Frozen Ramparts          Ice            4%         1d1       86%         3
 Hailstorm                Conj/Ice       2%         3d3       86%         3
 Petrify                  Tmut/Erth      12%        N/A       86%         4
 Brom's Barrelling Bould  Conj/Erth      11%        2d3       88%         4
 Cause Fear               Hex            1%         N/A       99%         4
 Sticky Flame             Conj/Fire      2%         2d3       99%         4
 Fireball                 Conj/Fire      1%         3d3       100%        5
 Ignition                 Fire           1%         3d3       100%        8
 Dragon's Call            Summ           1%         N/A       100%        9


Dungeon Overview and Level Annotations

Branches:
Dungeon (4/15)             Temple (0/1) D:4

Altars:
Okawaru


Innate Abilities, Weirdness & Mutations

You are immune to sickness and miasma.
Your stone body is resilient. (AC +4)
You are immune to poison.
You resist negative energy. (rN+)
You are resistant to electric shocks. (rElec)
You are resistant to unholy torment.
You are immune to petrification.


Message History

Aiming: Sandblast (safe; 7% risk of failure)
Press: ? - help, Shift-Dir - straight line, f/p - gnoll
Aim: a gnoll, wielding a +2 flail of protection (moderately wounded, 85% to hit)
The blast of sand hits the gnoll but does no damage.
The gnoll is moderately wounded.
The gnoll hits you but does no damage.
The gnoll hits you with a +2 flail of protection.
The gnoll attacks as it pursues you!
The gnoll hits you with a +2 flail of protection.
* * * LOW HITPOINT WARNING * * *
The orc wizard shouts!
The orc wizard gestures at you while chanting.
The puff of flame hits you. You resist.
* * * LOW HITPOINT WARNING * * *
There is a stone staircase leading up here.
The orc wizard casts a spell at you. You resist with some effort.
The gnoll barely misses you.
You climb upwards.
There is a stone staircase leading down here.
Casting: Sandblast (safe; 7% risk of failure)
Confirm with . or Enter, or press ? or * to list all spells.
Aiming: Sandblast (safe; 7% risk of failure)
Press: ? - help, Shift-Dir - straight line, f - gnoll
Aim: a gnoll, wielding a +2 flail of protection (moderately wounded, 85% to hit)
The blast of sand hits the gnoll but does no damage.
The gnoll is moderately wounded.
The gnoll hits you with a +2 flail of protection.
* * * LOW HITPOINT WARNING * * *
You hit the gnoll but do no damage.
The gnoll is moderately wounded.
The gnoll completely misses you. You block the gnoll's attack.
Okay, then.
You hit the gnoll.
The gnoll is heavily wounded.
The gnoll hits you but does no damage.
You closely miss the gnoll.
The gnoll is heavily wounded.
The gnoll hits you but does no damage.
The gnoll hits you with a +2 flail of protection!
You die...

#.# #.# # #.#
#######.# #
#.#####..)....# #
#.............# #
#######.......###
##...........
#.......#####
######.........<##
#@g...............
#.......#....#####
#...#####.........
#...# #.........
#...# #.........
#...#####.....†...
#.......'.........
#.#.#####....#####
##+#.#####.........


You could see a gnoll.

Vanquished Creatures
  2 hounds (D:4)
  5 orc wizards
  6 gnolls (D:4)
  4 adders
  2 worms
  A dart slug (D:1)
  5 orcs
  5 ball pythons
  8 endoplasms
  A giant cockroach (D:1)
  6 hobgoblins
  8 jackals
  3 quokkas
  3 bats
  3 frilled lizards
  5 goblins
  5 kobolds
  3 rats
75 creatures vanquished.

Notes
Turn   | Place    | Note
-------+----------+-------------------------------------------
     0 | D:1      | Gergoth the Gargoyle Earth Elementalist began the quest for
                  | the Orb.
     0 | D:1      | Reached XP level 1. HP: 10/10 MP: 3/3
   174 | D:1      | Reached XP level 2. HP: 13/16 MP: 1/5
   673 | D:1      | Learned a level 2 spell: Passwall
   789 | D:2      | Reached skill level 1 in Fighting
   789 | D:2      | Reached skill level 1 in Armour
   797 | D:2      | Reached XP level 3. HP: 20/20 MP: 3/6
   824 | D:2      | Learned a level 3 spell: Stone Arrow
   884 | D:2      | Reached skill level 4 in Earth Magic
  1408 | D:3      | Reached XP level 4. HP: 25/25 MP: 7/7
  1602 | D:3      | Found an iron altar of Okawaru.
  2446 | D:3      | Reached XP level 5. HP: 21/30 MP: 2/9
  2758 | D:4      | Found a staircase to the Ecumenical Temple.
  2850 | D:4      | Reached XP level 6. HP: 24/36 MP: 8/10
  2962 | D:4      | Reached skill level 5 in Earth Magic
  3092 | D:3      | Slain by a gnoll

Illustrated notes

Levels and vault maps discovered:
D:1:      eino_arrival_cavern_d, layout_basic
D:2:      layout_rooms
D:3:      layout_basic, okawaru_trees_2
D:4:      layout_gridville, minmay_temple_entry_antechambers,
          minmay_a_box_with_orc_wizards_in_it

Skill      XL: |  1  2  3  4  5  6 |
---------------+-------------------+-----
Fighting       | 1 2 |  2.9
Armour         | 1 2 |  2.8
Earth Magic    | 4 5 |  5.0
Dodging        | 2 |  2.8
Spellcasting   | 3 |  3.2
Stealth        | |  2.1
Transmutations | |  0.7

Action                     |  1- 3 |  4- 6 || total
---------------------------+-------+-------++-------
  Melee: Unarmed           |    11 |       ||    11
         Mace              |    22 |    82 ||   104
   Cast: Sandblast         |    37 |    73 ||   110
   Stab: Sleeping          |       |     1 ||     1
 Armour: Robe              |    17 |       ||    17
         Ring mail         |    14 |   154 ||   168
  Dodge: Dodged            |    38 |    88 ||   126
  Block: Buckler           |     3 |    31 ||    34

Table legend: (Time is in decaauts)
 A = Elapsed time spent in this place.
 B = Non-inter-level travel time spent in this place.
 C = Inter-level travel time spent in this place.
 D = Time resting spent in this place.
 E = Time spent auto-exploring this place.
 F = Levels seen in this place.
 G = Mean time per level.
                   A        B        C        D        E       F      G
               +--------+--------+--------+--------+--------+-----+--------+
         Total |   3193 |   3127 |     66 |    285 |   2033 |   4 |  798.2 |
       Dungeon |   3193 |   3127 |     66 |    285 |   2033 |   4 |  798.2 |
               +--------+--------+--------+--------+--------+-----+--------+

Top non-repeatable levels by time:
     D:3: 1217 daAuts
     D:1: 795 daAuts
     D:4: 741 daAuts
     D:2: 439 daAuts
